 Dungeon Crawl Stone Soup version 0.31-a0-459-gc8a9bf3 (webtiles) character file.

Game seed: 2045707313667807679

805245 Kosidy the Axe Maniac (level 27, -14/249 HPs)
             Began as a Naga Gladiator on Aug 3, 2023.
             Was the Champion of Hepliaklqana.
             Demolished by an acid blob (16 damage)
             ... created by the Royal Jelly
             ... on level 5 of the Pits of Slime on Aug 4, 2023.
             The game lasted 05:41:46 (74187 turns).

Kosidy the Axe Maniac (Naga Gladiator)             Turns: 74187, Time: 05:41:46

Health: -14/249    AC: 23    Str: 37    XL:     27
Magic:  0/45       EV: 21    Int:  7    God:    Hepliaklqana [******]
Gold:   1856       SH: 27    Dex: 21    Spells: 52/62 levels left

rFire   + + .        r - +6 broad axe of the Shining Light {protect, rC+ Dex+3}
rCold   + + +        e - +2 tower shield {AC+3}
rNeg    + . .        u - +1 robe of Vines {NoPotionHeal Regen++++}
rPois   +            (helmet restricted)
rElec   +            v - scarf {rC+ rF+}
rCorr   +            d - +2 pair of gloves {infuse}
SInv    +            j - +2 barding {Fly}
Will    +++..        Y - amulet of the Air {Inacc Air Fly rElec RMsl}
Stlth   ++++++       w - ring "Puuschec" {rN+ rCorr Str+3}
HPRegen 3.81/turn    Z - ring of Lugonu's Hope {rF+ rC+ Str+6 Dex+3}
MPRegen 0.29/turn

%: inaccuracy (-5), random rage (3%), repel missiles
@: corroded, under a protective aura, on berserk cooldown, flying, very slow
A: reduced essence, AC +9, large, see invisible, deformed body, poison
resistance, slowness 2, spit poison 1, naga tail 2, horns 2, berserk 1, dopey 1,
mutation resistance 1, screaming 1, teleportitis 1, no potion heal 1, subdued
magic 3, sturdy frame 1
}: 6/15 runes: serpentine, barnacled, silver, abyssal, demonic, glowing
a: Spit Poison, Renounce Religion, Recall Ancestor, Ancestor Identity,
Transference, Idealise


You were on level 5 of the Pits of Slime.
You worshipped Hepliaklqana.
Hepliaklqana was exalted by your worship.
You visited 13 branches of the dungeon, and saw 54 of its levels.
You visited Pandemonium 3 times, and saw 7 of its levels.
You visited the Abyss 12 times.
You also visited: Ice Cave and Desolation.

You collected 9523 gold pieces.
You spent 7667 gold pieces at shops.

Inventory:

Hand Weapons
 r - the +6 broad axe of the Shining Light (weapon) {protect, rC+ Dex+3}
   (You took it off a demonspawn black sun in Pandemonium)

   Dex:       It affects your dexterity (+3).
   rC:        It protects you from cold.
 I - a +7 broad axe of flaming
Missiles
 E - 12 silver javelins (quivered)
 R - 7 javelins
Armour
 c - the +7 chain mail of Omission {+Inv rF+ Will+}
   (You found it on level 3 of the Crypt)

   rF:        It protects you from fire.
   +Inv:      It lets you turn invisible.
   Will:      It increases your willpower.
 d - a +2 pair of gloves of infusion (worn)
 e - a +2 tower shield of protection (worn)
 j - a +2 barding of flying (worn)
 u - the +1 robe of Vines (worn) {NoPotionHeal Regen++++}
   (You found it on level 3 of the Dungeon)

   NoPotionHeal: Its wearer cannot be healed by potions.
   Regen:     It increases your rate of health regeneration.
 v - a scarf of resistance (worn)
 C - the +2 helmet of Dithmenos's Pride {rC+ Dex+3}
   (You took it off Robin on level 3 of the Dungeon)

   Dex:       It affects your dexterity (+3).
   rC:        It protects you from cold.
Jewellery
 a - a ring of wizardry
 h - a ring of protection from fire
 m - a ring of willpower
 p - the ring "Deufeang" {rN++ EV+5 Str+4}
   (You took it off a tengu conjurer on level 2 of the Depths)

   [ring of evasion]

   EV:        It affects your evasion (+5).
   Str:       It affects your strength (+4).
   rN:        It greatly protects you from negative energy.
 q - a ring of protection from cold
 w - the ring "Puuschec" (left hand) {rN+ rCorr Str+3}
   (You found it on level 3 of the Crypt)

   [ring of positive energy]

   Str:       It affects your strength (+3).
   rN:        It protects you from negative energy.
   rCorr:     It protects you from acid and corrosion.
 z - a +4 ring of protection
 L - an amulet of reflection
 U - the ring of the Writhing Gods {rC+ rN+}
   (You found it in the Desolation of Salt)

   [ring of positive energy]

   rC:        It protects you from cold.
   rN:        It protects you from negative energy.
 W - an amulet of regeneration
 Y - the amulet of the Air (around neck) {Inacc Air Fly rElec RMsl}
   (You bought it in a shop on level 3 of the Depths)

   [amulet of nothing]

   Inacc:     It reduces the accuracy of your attacks and spells.
   Air:       It enhances your air magic.
   rElec:     It insulates you from electricity.
   Fly:       It grants you flight.
   RMsl:      It protects you from missiles.
 Z - the ring of Lugonu's Hope (right hand) {rF+ rC+ Str+6 Dex+3}
   (You took it off a deep elf death mage on level 3 of the Elven Halls)

   [ring of strength]

   Str:       It affects your strength (+6).
   Dex:       It affects your dexterity (+3).
   rF:        It protects you from fire.
   rC:        It protects you from cold.
Wands
 y - a wand of iceblast (30)
 G - a wand of mindburst (9)
 J - a wand of acid (40)
 N - a wand of paralysis (56)
 T - a wand of digging (10)
Scrolls
 b - a scroll of enchant weapon
 g - 23 scrolls of teleportation
 l - 4 scrolls of brand weapon
 t - 8 scrolls of enchant armour
 x - 10 scrolls of fog
 A - 8 scrolls of revelation
 K - 5 scrolls of fear
 M - 2 scrolls of butterflies
 P - 8 scrolls of blinking
Potions
 f - 7 potions of invisibility
 i - a potion of mutation
 k - 11 potions of brilliance
 n - 21 potions of heal wounds
 o - 31 potions of curing
 s - 9 potions of magic
 B - 11 potions of haste
 D - 5 potions of lignification
 F - 3 potions of berserk rage
 Q - 10 potions of ambrosia
 S - 4 potions of resistance
 V - 2 potions of cancellation
 X - 7 potions of might
Miscellaneous
 O - a phantom mirror


   Skills:
 + Level 22.2 Fighting
 O Level 27 Axes
 + Level 8.8 Throwing
 + Level 5.8 Armour
 + Level 18.4 Dodging
 - Level 14.9 Stealth
 + Level 24.1 Shields
 * Level 18.3 Spellcasting
 + Level 6.6 Necromancy
 + Level 1.7 Ice Magic
 + Level 14.9 Invocations
 + Level 3.1 Evocations


You had 52 spell levels left.
You knew the following spells:

 Your Spells              Type           Power      Damage    Failure   Level
a - Vampiric Draining     Necr           8%         2d6       1%          3
b - Dispel Undead         Necr           8%         3d8       2%          4
c - Ozocubu's Armour      Ice            4%         N/A       6%          3

Your spell library contained the following spells:

 Spells                   Type           Power      Damage    Failure   Level
 Freeze                   Ice            16%        1d4       1%          1
 Kiss of Death            Conj/Necr      20%        2d7       1%          1
 Necrotise                Necr           32%        1d5       1%          1
 Cigotuvi's Dreadful Rot  Necr/Pois/Air  14%        N/A       1%          2
 Sublimation of Blood     Necr           8%         N/A       1%          2
 Apportation              Tloc           6%         N/A       4%          1
 Magic Dart               Conj           12%        1d3       4%          1
 Sandblast                Erth           6%         2d5       4%          1
 Shock                    Conj/Air       20%        1d4       4%          1
 Slow                     Hex            12%        N/A       4%          1
 Summon Small Mammal      Summ           12%        N/A       4%          1
 Ensorcelled Hibernation  Hex/Ice        8%         N/A       4%          2
 Blink                    Tloc           6%         N/A       6%          2
 Lesser Beckoning         Tloc           6%         N/A       6%          2
 Passwall                 Tmut/Erth      2%         N/A       6%          2
 Scorch                   Fire           6%         2d5       6%          2
 Searing Ray              Conj           6%         2d4       6%          2
 Static Discharge         Conj/Air       10%        2-3/arc   6%          2
 Wereblood                Tmut           3%         N/A       6%          2
 Frozen Ramparts          Ice            8%         1d2       6%          3
 Hailstorm                Conj/Ice       4%         3d4       10%         3
 Anguish                  Hex/Necr       2%         N/A       12%         4
 Call Canine Familiar     Summ           3%         N/A       14%         3
 Confusing Touch          Hex            3%         N/A       14%         3
 Dazzling Flash           Conj/Hex       6%         N/A       14%         3
 Gell's Gravitas          Tloc           3%         N/A       14%         3
 Inner Flame              Hex/Fire       3%         N/A       14%         3
 Mephitic Cloud           Conj/Pois/Air  5%         N/A       14%         3
 Stone Arrow              Conj/Erth      6%         3d7       14%         3
 Summon Guardian Golem    Hex/Summ       3%         N/A       14%         3
 Swiftness                Air            5%         N/A       14%         3
 Teleport Other           Tloc           3%         N/A       14%         3
 Tukima's Dance           Hex            3%         N/A       14%         3
 Vhi's Electric Charge    Tloc/Air       10%        N/A       14%         3
 Volatile Blastmotes      Fire/Tloc      6%         2d10      14%         3
 Borgnjor's Vile Clutch   Necr/Erth      2%         N/A       36%         5
 Airstrike                Air            2%         2d(1-17)  50%         4
 Flame Wave               Conj/Fire      3%         2d5       50%         4
 Fulminant Prism          Conj/Hex       1%         3d5       50%         4
 Iskenderun's Mystic Bla  Conj/Tloc      3%         2d3       50%         4
 Manifold Assault         Tloc           3%         N/A       50%         4
 Passage of Golubria      Tloc           3%         N/A       50%         4
 Petrify                  Tmut/Erth      3%         N/A       50%         4
 Sticky Flame             Conj/Fire      3%         2d3       50%         4
 Summon Lightning Spire   Summ/Air       5%         N/A       50%         4
 Death Channel            Necr           4%         N/A       50%         6
 Metabolic Englaciation   Hex/Ice        2%         N/A       75%         5
 Arcjolt                  Conj/Air       2%         1d12      86%         5
 Irradiate                Conj/Tmut      1%         3d12      86%         5
 Silence                  Hex/Air        2%         N/A       86%         5
 Summon Forest            Summ/Tloc      1%         N/A       86%         5
 Summon Mana Viper        Hex/Summ       3%         N/A       86%         5
 Yara's Violent Unravell  Hex/Tmut       1%         3d3       86%         5
 Simulacrum               Ice/Necr       3%         N/A       86%         6
 Dispersal                Tloc           1%         N/A       100%        6
 Leda's Unmaking          Conj/Erth      1%         9d1       100%        6
 Plasma Beam              Fire/Air       2%         2x1d12    100%        6
 Starburst                Conj/Fire      1%         6d3       100%        6
 Summon Cactus Giant      Summ           1%         N/A       100%        6
 Enfeeble                 Hex            1%         N/A       100%        7
 Haunt                    Necr/Summ      2%         N/A       100%        7
 Ozocubu's Refrigeration  Ice            2%         4d7       100%        7
 Spellforged Servitor     Conj/Summ      1%         N/A       100%        7
 Borgnjor's Revivificati  Necr           4%         N/A       100%        8
 Disjunction              Tloc           1%         N/A       100%        8
 Lehudib's Crystal Spear  Conj/Erth      1%         10d2      100%        8
 Maxwell's Capacitive Co  Air            2%         ∞         100%        8
 Death's Door             Necr           4%         N/A       100%        9


Dungeon Overview and Level Annotations

Branches:
Dungeon (15/15)            Temple (0/1) D:4            Lair (5/5) D:8
 Shoals (4/4) Lair:3        Snake (4/4) Lair:2        Slime (5/5) Lair:5
    Orc (2/2) D:12            Elf (3/3) Orc:2        Vaults (5/5) D:13
  Crypt (3/3) Vaults:2       Tomb (1/3) Crypt:3      Depths (4/4) D:15
   Hell (visited)             Dis (0/7) Hell            Geh (0/7) Hell
    Coc (2/7) Hell            Tar (0/7) Hell            Zot (0/5) Depths:4
  IceCv (visited)         Desolation (visited)

Altars:
Ashenzari
Fedhas
Hepliaklqana
Kikubaaqudgha
Makhleb
Sif Muna
Trog
Uskayaw
Vehumet
Wu Jian
Yredelemnul
Zin
The Shining One
Lugonu

Shops:
D:7 !(   Orc:2 [[!*   Elf:2 *   Vaults:1 (   Vaults:4 (   Vaults:5 =
Depths:2 ([   Depths:3 :=:

Portals:
Hell: Depths:1 Depths:2 Depths:3 Depths:4
Abyss: Lair:5 Depths:1 Depths:2 Depths:3 Depths:4
Pandemonium: Depths:2
Ziggurat: Depths:1

Annotations:
D:13 3 runed translucent doors, Dega's ghost, journeyman SpHu
Lair:1 1 runed translucent door, tchen's ghost, journeyman VSFi
Snake:4 2 transporters, yakattack's ghost, adept AtBe
Slime:5 Royal Jelly


Innate Abilities, Weirdness & Mutations

Your life essence is reduced to manifest your ancestor. (-10% HP)
Your serpentine skin is tough. (AC +9)
You have supernaturally acute eyesight. (SInv)
Armour fits poorly on your strangely shaped body.
Your system is resistant to poisons. (rPois)
You cover ground very slowly.
You can spit poison.
You can use your snake-like lower body to constrict enemies.
You have a pair of horns on your head.
You sometimes lose your temper in combat.
You are dopey. (Int -2)
You are somewhat resistant to further mutation.
You occasionally shout uncontrollably at your foes.
You are occasionally teleported next to monsters.
Potions are less effective at restoring your health.
Your spells are much easier to cast, but much less powerful.
Your movements are slightly less encumbered by armour. (ER -2)


Message History

* * * LOW HITPOINT WARNING * * *
The acid corrodes you!
You are splashed with acid.
You resist.
* * * LOW HITPOINT WARNING * * *
The acid blob hits you!!
* * * LOW HITPOINT WARNING * * *
You are splashed with acid.
You resist.
* * * LOW HITPOINT WARNING * * *
The quicksilver ooze misses you.
The quicksilver ooze completely misses you.
The acid blob completely misses you. The acid blob closely misses you.
You slash the acid blob!
Your hands burn!
* * * LOW HITPOINT WARNING * * *
The acid blob is lightly wounded.
You barely miss the acid blob. You slash the azure jelly!
You hit the acid blob.
Your hands burn!
* * * LOW HITPOINT WARNING * * *
You slice the acid blob!!
Your hands burn!
* * * LOW HITPOINT WARNING * * *
You completely miss the acid blob. You hit the acid blob.
Your hands burn!
* * * LOW HITPOINT WARNING * * *
You slash the quicksilver ooze!
You block the quicksilver ooze's attack. x2
You block the azure jelly's attack. The azure jelly hits you.
* * * LOW HITPOINT WARNING * * *
The azure jelly freezes you! You resist.
* * * LOW HITPOINT WARNING * * *
The azure jelly hits you but does no damage.
You block the azure jelly's attack. The acid blob spits acid at you.
The splash of acid hits you. You resist.
* * * LOW HITPOINT WARNING * * *
The acid blob spits acid at you. The splash of acid hits you. You resist.
* * * LOW HITPOINT WARNING * * *
The acid corrodes you! The acid blob hits you!
* * * LOW HITPOINT WARNING * * *
You are splashed with acid.
You resist.
* * * LOW HITPOINT WARNING * * *
The acid blob hits you!
You die...

#.............,*
#...........^.**
##............#*
#............#*
##............#
#............##
##...J.........#
##*##..JJJ.......##
#$$##.JJ@JJ......##******
##$[##.JJJJ........,,,,,,
#:#$)#.JJJ.........,*,,,*
#:)#)#.............,,,,,,
#:)#[#.............,,,,,,
#)#$[#............#,,,,,,
##?$##.............*,,,,*
#[?##............##******
#####............#


You could see the Royal Jelly, 6 acid blobs, 2 azure jellies and 6 quicksilver
oozes.

Vanquished Creatures
  Mnoleg (Pan)
  An ancient lich (Vaults:4)
  A dread lich (Abyss:4)
  Mara (Vaults:3)
  5 pandemonium lords (Pan)
  Vashnia (Snake:4)
  Geryon (Hell)
  5 bone dragons
  2 Tzitzimimeh (Pan)
  2 Brimstone Fiends (Pan)
  A hellephant (Depths:4)
  An Ice Fiend (Pan)
  2 doom hounds
  6 liches
  A tentacled monstrosity (Pan)
  Mlioglotl (Shoals:3)
  Rupert (D:13)
  2 deep elf master archers (Elf:3)
  3 titans
  14 tentacled starspawn
  A deep elf blademaster (Elf:3)
  6 acid blobs
  5 sphinxes
  7 Executioners
  3 ancient champions
  Gastronok (D:8)
  5 tengu reavers
  4 shadow dragons
  2 azure jellies
  A draconian monk (Depths:4)
  3 nagarajas
  A storm dragon (Vaults:4)
  Donald (Snake:4)
  Aizul (Snake:1)
  4 revenants
  5 deep elf sorcerers
  3 demonspawn warmongers (Pan)
  4 fire giants
  3 narguns
  A rockslime (Slime:5)
  A draconian shifter (Abyss:3)
  5 frost giants
  4 balrugs (Pan)
  8 vault wardens
  3 orc warlords
  A spectral caustic shrike (Crypt:3)
  A caustic shrike zombie (Abyss:4)
  2 ghouls
  A ghost moth (Abyss:4)
  10 ironbound preservers
  A deep elf elementalist (Elf:3)
  14 cacodemons
  2 ironbound thunderhulks
  2 demonspawn corrupters (Pan)
  A war gargoyle (Vaults:4)
  2 curse skulls
  7 very ugly things
  A quicksilver ooze (shapeshifter) (Vaults:5)
  6 reapers
  A draconian annihilator (Abyss:3)
  7 stone giants
  A caustic shrike skeleton (Crypt:2)
  3 demonspawn blood saints (Pan)
  3 vampire knights (Crypt:1)
  6 demonspawn black suns (Pan)
  3 deep elf demonologists
  A green draconian (Abyss:4)
  A black draconian (Abyss:2)
  Azrael (Snake:2)
  A minotaur (Shoals:4)
  2 deep elf annihilators
  A dire elephant (Vaults:1)
  2 halazid warlocks (Desolation)
  2 red draconians (Depths:4)
  2 lorocyprocas (Pan)
  A white draconian (Abyss:4)
  A yellow draconian (Depths:4)
  3 wendigos
  An eidolon (Crypt:3)
  4 green deaths (Pan)
  5 spark wasps
  An iron golem (Hell)
  6 ettins
  8 blizzard demons
  2 deep elf death magi (Elf:3)
  4 mummy priests
  A crystal guardian (Hell)
  2 entropy weavers (Abyss:4)
  3 fire dragons
  14 yaktaur captains
  A jiangshi (Crypt:2)
  A spriggan zombie (Tomb:1)
  5 caustic shrike simulacra
  28 vault guards
  3 hydras
  4 rakshasas
  5 ragged hierophants (Desolation)
  2 deep elf high priests
  2 hell beasts (Pan)
  6 ogre magi
  A peacekeeper (Vaults:2)
  3 great orbs of eyes
  3 ironbound frosthearts
  A spriggan skeleton (Abyss:4)
  A salamander tyrant (Snake:4)
  3 spriggan air magi (Depths:2)
  45 starcursed masses
  2 juggernaut simulacra (Pan)
  6 boulder beetles
  18 two-headed ogres
  A death knight (Abyss:2)
  A merfolk avatar (Shoals:2)
  7 anacondas
  13 centaur warriors
  7 death yaks
  A catoblepas (Shoals:2)
  5 satyrs (Shoals:4)
  10 naga warriors
  8 dancing weapons
  6 deep troll shamans
  4 vampire magi
  Urug (D:13)
  5 tengu warriors
  7 demonic crawlers
  5 deep troll earth magi
  2 spriggan berserkers
  13 hell hogs
  6 hell knights
  2 holy swine (Pan)
  3 naga sharpshooters (Snake:4)
  16 sun demons
  A crystal echidna (Hell)
  7 deep elf knights
  4 shock serpents
  6 iron trolls
  16 thrashing horrors
  10 soul eaters
  Lodul (D:13)
  12 shadow wraiths
  15 wretched stars
  3 salamander mystics (Snake:4)
  A fire crab (shapeshifter) (D:15)
  5 flayed ghosts
  A spatial maelstrom (Abyss:4)
  9 sixfirhies
  15 skeletal warriors
  2 skysharks (Shoals:1)
  32 deep trolls
  4 glowing orange brains
  5 shadow demons (Pan)
  A swamp dragon (Abyss:4)
  2 bog bodies
  5 deep elf archers
  10 sea snakes
  A steelbarb worm (shapeshifter) (Vaults:4)
  7 ironbound convokers
  2 spriggan simulacra
  4 orange crystal statues
  An anaconda zombie (Abyss:2)
  6 naga ritualists
  14 deep elf pyromancers
  2 lindwurms
  6 wizards
  9 deep elf zephyrmancers
  7 orc knights
  17 phantasmal warriors
  8 mana vipers
  9 manticores
  10 harpies
  An eleionoma zombie (Crypt:3)
  4 necromancers
  A frost giant zombie (Vaults:4)
  2 shining eyes
  A wolf spider (D:15)
  8 fauns
  35 ugly things
  5 cyclopes
  A naga zombie (Crypt:3)
  2 merfolk sirens
  9 salamanders
  7 worldbinders
  A will-o-the-wisp (Abyss:4)
  An ice statue (Pan)
  23 black mambas
  4 apocalypse crabs
  44 large abominations
  A dire elephant zombie (Crypt:1)
  An eye of devastation (Pan)
  A spectral centaur (Crypt:3)
  A titan simulacrum (Coc:2)
  5 water nymphs
  2 rust devils
  6 guardian serpents
  4 naga magi
  29 smoke demons
  9 orange demons
  6 vault sentinels
  A human zombie (Vaults:4)
  A gargoyle (D:12)
  2 unseen horrors
  A sea snake zombie (Crypt:3)
  5 hellions
  A bunyip simulacrum (Coc:1)
  6 cane toads
  5 komodo dragons
  A tormentor (Pan)
  2 efreet
  14 yaktaurs
  3 ice devils
  A tengu conjurer (Depths:2)
  An anaconda simulacrum (IceCv)
  2 human skeletons
  A spectral naga (Crypt:3)
  9 freezing wraiths
  A red devil (Pan)
  A hydra zombie (Hell)
  A golden dragon simulacrum (IceCv)
  A silent spectre (Abyss:2)
  4 guardian mummies (Tomb:1)
  27 ancient zymes
  3 meliai (D:15)
  2 grey draconian skeletons
  2 polar bears (D:9)
  A troll (shapeshifter) (Lair:5)
  9 merfolk
  8 hellwings
  A harpy zombie (Abyss:2)
  A red draconian skeleton (Crypt:2)
  3 trolls
  A polar bear (shapeshifter) (D:13)
  16 saltlings (Desolation)
  A tarantella (shapeshifter) (Vaults:4)
  2 hornets
  A hydra skeleton (Hell)
  2 wind drakes
  14 raiju
  A stone giant simulacrum (Coc:1)
  16 blink frogs
  3 dream sheep
  2 iron dragon simulacra (Coc:2)
  A jumping spider (shapeshifter) (Abyss:4)
  4 snapping turtles
  21 slime creatures
  16 flying skulls
  An air elemental (Abyss:4)
  A black mamba zombie (Crypt:2)
  4 shadows
  An ushabti (Tomb:1)
  A naga simulacrum (Abyss:4)
  10 yaks
  5 water elementals
  5 dire elephant simulacra
  A spriggan (shapeshifter) (Abyss:4)
  A fire dragon skeleton (Crypt:1)
  11 wraiths
  3 fire bats (Abyss:4)
  19 ynoxinuls
  3 battlemagi
  A wyvern (D:8)
  4 fire elementals
  A human (shapeshifter) (D:15)
  8 basilisks
  2 vampire mosquitoes (D:13)
  A black mamba skeleton (Abyss:2)
  12 chaos spawn
  11 neqoxecs
  A minotaur simulacrum (Snake:2)
  A redback (shapeshifter) (Depths:4)
  2 spatial vortices (Abyss:4)
  2 redbacks
  6 wargs
  2 acid dragons
  3 harpy simulacra
  3 water moccasins
  2 hydra simulacra (IceCv)
  23 nagas
  A floating eye (shapeshifter) (Lair:5)
  6 hell hounds
  A glowing shapeshifter skeleton (Vaults:4)
  A sky beast (D:8)
  5 alligator simulacra (IceCv)
  25 orc warriors
  4 ice beasts
  2 boggarts (Abyss:2)
  28 ogres
  A swamp dragon skeleton (Abyss:2)
  A lindwurm skeleton (Crypt:3)
  An ettin simulacrum (Coc:1)
  10 centaurs
  3 wolves
  A phantom (D:4)
  A necrophage (Crypt:2)
  A kobold brigand (D:10)
  6 bullfrogs
  3 gnoll sergeants
  2 deep troll simulacra (Snake:2)
  3 scorpions
  3 earth elementals
  5 wights
  19 small abominations
  19 killer bees
  3 howler monkeys
  A hound (D:6)
  6 orc priests
  A gnoll bouda (D:5)
  17 orc wizards
  2 iguanas (D:5)
  A hell rat (Hell)
  A deep dwarf zombie (Crypt:2)
  An ogre skeleton (Crypt:2)
  6 mummies
  15 gnolls
  7 adders
  A shadow imp (D:6)
  7 white imps
  7 ufetubi
  A worm zombie (Crypt:1)
  A lava snake zombie (Crypt:2)
  2 worms
  3 dart slugs
  49 orcs
  2 bats
  7 endoplasms
  6 giant cockroaches
  16 goblins
  14 hobgoblins
  2 jackals (D:5)
  2 quokkas (D:2)
  3 ball pythons
  A frilled lizard (D:2)
  A giant cockroach zombie (Crypt:2)
  18 kobolds
  6 rats
  A lurking horror (Abyss:2)
  11 starspawn tentacles
1772 creatures vanquished.

Vanquished Creatures (collateral kills)
  2 dread liches
  A juggernaut (Depths:2)
  3 royal mummies (Tomb:1)
  Margery (Depths:2)
  Saint Roka (Depths:2)
  Nikola (Snake:4)
  3 golden dragons
  3 profane servitors
  8 bone dragons (Abyss:4)
  A doom hound (Hell)
  Zenata (Vaults:3)
  4 Brimstone Fiends (Pan)
  A pandemonium lord (Pan)
  4 Ice Fiends (Pan)
  7 tentacled monstrosities
  2 Hell Sentinels (Pan)
  Asterion (Snake:1)
  3 titans
  A deep elf blademaster (Elf:3)
  9 liches
  A walking earthen tome (Depths:3)
  A walking frostbound tome (Abyss:4)
  3 quicksilver dragons
  5 Executioners
  An ancient champion (Depths:2)
  An eldritch tentacle (Pan)
  2 acid blobs
  12 sphinxes
  Polyphemus (Shoals:2)
  12 tentacled starspawn
  2 storm dragons
  5 shadow dragons
  2 tengu reavers
  6 revenants
  A daeva (Abyss:4)
  2 nagarajas (Snake:4)
  A draconian monk (Abyss:4)
  2 rockslimes
  A demonspawn warmonger (Pan)
  2 deep elf sorcerers
  4 fire giants
  7 frost giants
  A draconian knight (Abyss:4)
  6 vault wardens
  A ghost moth (Abyss:4)
  A caustic shrike zombie (Abyss:2)
  3 iron dragons
  A draconian stormcaller (Depths:4)
  2 deep elf elementalists (Elf:3)
  2 ghouls
  12 balrugs
  A spriggan defender (Depths:2)
  A curse skull (Crypt:3)
  15 cacodemons
  2 draconian annihilators
  A war gargoyle (Vaults:4)
  3 demonspawn blood saints (Pan)
  11 ironbound preservers
  11 stone giants
  A demonspawn corrupter (Pan)
  A formless jellyfish (Slime:5)
  9 reapers
  An angel (Abyss:4)
  4 ironbound thunderhulks
  2 quicksilver oozes
  15 very ugly things
  2 starflowers (Abyss:2)
  An elemental wellspring (Coc:1)
  2 black draconians
  5 deep elf demonologists
  6 demonspawn black suns (Pan)
  2 white draconians
  A green draconian (Depths:4)
  A purple draconian (Depths:4)
  3 red draconians
  2 vampire knights
  A lorocyproca (Abyss:4)
  A wendigo (Coc:1)
  A bunyip (Abyss:2)
  3 deep elf annihilators (Elf:3)
  2 spark wasps (Depths:1)
  5 eidola
  5 green deaths
  5 fire dragons
  12 blizzard demons
  4 merfolk impalers
  An iron golem (Hell)
  Josephine (Lair:3)
  8 deep elf death magi
  3 crystal guardians (Desolation)
  A kraken zombie (Hell)
  3 jiangshi
  9 mummy priests
  3 deep elf high priests
  4 ettins
  4 yaktaur captains
  3 ragged hierophants (Desolation)
  A spriggan zombie (Crypt:2)
  8 servants of whispers (Desolation)
  8 great orbs of eyes
  2 hell beasts (Pan)
  9 vault guards
  6 ironbound frosthearts
  10 rakshasas
  7 peacekeepers
  A merfolk avatar (Shoals:4)
  An ogre mage (Orc:2)
  3 ice dragons
  3 spriggan air magi (Depths:2)
  A boulder beetle (Vaults:3)
  3 anacondas (Snake:4)
  A merfolk aquamancer (Shoals:2)
  A caustic shrike simulacrum (Coc:1)
  3 centaur warriors
  21 dancing weapons
  2 death knights (Crypt:3)
  A deep troll shaman (Depths:4)
  5 satyrs (Shoals:4)
  3 death yaks (Lair:5)
  3 tengu warriors
  5 two-headed ogres
  4 deep troll earth magi
  11 hell hogs
  4 holy swine (Pan)
  2 vampire magi
  2 orc high priests
  6 demonic crawlers (Pan)
  10 naga warriors
  25 thrashing horrors
  4 shock serpents
  20 sun demons
  4 hell knights
  8 naga sharpshooters
  7 deep elf knights
  A crystal echidna (Hell)
  2 skysharks (Shoals:1)
  23 sixfirhies
  16 shadow wraiths
  10 soul eaters
  20 wretched stars
  A titan skeleton (Crypt:3)
  2 spatial maelstroms (Abyss:4)
  6 skeletal warriors
  A salamander mystic (Snake:4)
  7 iron trolls
  A sea snake (Shoals:4)
  3 glowing orange brains
  4 naga ritualists
  25 deep trolls
  An orange crystal statue (Hell)
  10 ironbound convokers
  3 necromancers
  4 shadow demons
  An iron giant skeleton (Abyss:4)
  4 wizards
  4 harpies
  5 lindwurms
  A spriggan simulacrum (Coc:1)
  6 deep elf archers
  A harpy (shapeshifter) (Elf:1)
  9 phantasmal warriors
  76 starcursed masses
  5 flayed ghosts
  9 orc knights
  A shadow dragon zombie (Vaults:4)
  14 deep elf zephyrmancers
  5 mana vipers
  9 fauns
  3 orc sorcerers
  An oklob plant (Lair:1)
  A stone giant zombie (Vaults:4)
  9 deep elf pyromancers
  A fire giant zombie (Vaults:4)
  15 ugly things
  6 manticores
  A faun (shapeshifter) (Abyss:4)
  3 will-o-the-wisps
  4 cyclopes
  5 salamanders
  10 guardian serpents
  5 ice statues
  An iron dragon skeleton (Crypt:2)
  2 titan simulacra (Coc:1)
  6 worldbinders
  4 elephants (Lair:5)
  15 black mambas
  5 molten gargoyles (Hell)
  A dire elephant zombie (Crypt:2)
  3 apocalypse crabs
  11 vault sentinels
  A merfolk siren (Shoals:1)
  3 rust devils
  21 orange demons
  40 smoke demons
  A cane toad (Lair:2)
  12 naga magi
  A torpor snail (Lair:5)
  A pale draconian zombie (Crypt:3)
  5 komodo dragons
  A storm dragon simulacrum (Coc:1)
  2 rime drakes
  An alligator snapping turtle skeleton (Crypt:3)
  An unseen horror (Abyss:3)
  9 freezing wraiths
  3 bunyip simulacra
  21 yaktaurs
  7 hellions
  A sea snake zombie (Hell)
  2 efreet
  2 tormentors
  3 tengu conjurers
  17 ancient zymes
  A yellow draconian skeleton (Crypt:3)
  2 anaconda simulacra
  2 golden dragon simulacra
  5 guardian mummies
  A spectral harpy (Crypt:3)
  3 ice devils (Pan)
  A meliai (shapeshifter) (Elf:3)
  A polar bear (D:9)
  3 harpy zombies
  A troll (Orc:2)
  8 merfolk
  A mana viper skeleton (Crypt:3)
  2 red devils (Pan)
  10 hellwings
  A polar bear (shapeshifter) (D:12)
  A queen bee (Lair:1)
  A shadow dragon simulacrum (Vaults:4)
  28 raiju
  A tyrant leech (shapeshifter) (Vaults:5)
  A blink frog (shapeshifter) (Abyss:4)
  A wind drake (Shoals:2)
  A dream sheep (shapeshifter) (Depths:3)
  36 saltlings (Desolation)
  22 blink frogs
  27 slime creatures
  4 dream sheep (Shoals:3)
  An alligator zombie (Hell)
  A jumping spider (shapeshifter) (Lair:5)
  73 large abominations
  An alligator skeleton (Crypt:3)
  19 flying skulls
  5 shadows
  6 water elementals
  6 wraiths
  3 dire elephant simulacra
  3 ushabtiu (Tomb:1)
  3 vampires
  4 air elementals
  An ice dragon skeleton (Crypt:1)
  A slime creature zombie (Crypt:3)
  26 ynoxinuls
  3 fire elementals
  A spriggan (shapeshifter) (Lair:5)
  4 wyverns
  A human (shapeshifter) (Abyss:4)
  7 yaks
  8 basilisks
  4 fire bats
  2 steam dragons
  Grum (D:8)
  An alligator snapping turtle simulacrum (Crypt:2)
  A redback (shapeshifter) (Vaults:5)
  28 chaos spawn
  2 harpy simulacra
  33 neqoxecs
  A vampire mosquito (D:13)
  4 spatial vortices (Abyss:4)
  A minotaur simulacrum (Snake:2)
  A water nymph zombie (Crypt:1)
  2 wargs
  22 nagas
  An acid dragon (D:9)
  8 water moccasins
  4 floating eyes
  3 hell hounds
  13 orc warriors
  An ice beast (D:6)
  A black bear (D:6)
  40 small abominations
  2 boggarts (Abyss:2)
  An ettin simulacrum (Crypt:2)
  An ogre (shapeshifter) (D:15)
  9 ogres
  A centaur (D:6)
  A phantom (D:6)
  2 kobold brigands
  2 earth elementals
  5 bullfrogs
  A scorpion (D:6)
  2 naga simulacra
  2 elf skeletons
  5 wights
  8 killer bees
  A queen bee zombie (Crypt:2)
  5 howler monkeys
  A polar bear skeleton (Crypt:1)
  A shapeshifter skeleton (Crypt:2)
  4 electric eels
  A yak skeleton (Crypt:3)
  3 quasits
  4 jellies
  A hound (D:6)
  2 orc priests
  A gnoll bouda (D:6)
  7 iron imps
  An iguana (D:6)
  2 sleepcaps (D:7)
  10 orc wizards
  A boggart skeleton (Crypt:2)
  4 hell rats (Hell)
  A centaur simulacrum (D:9)
  17 mummies
  Robin (D:3)
  18 gnolls
  2 adders (D:5)
  4 shadow imps
  2 white imps (Abyss:4)
  2 howler monkey simulacra (D:9)
  6 ufetubi
  A dart slug (D:5)
  38 orcs
  A bat (D:3)
  4 goblins
  4 hobgoblins (D:6)
  2 jackals (D:5)
  A frilled lizard skeleton (Crypt:3)
  12 kobolds
  A quokka skeleton (Crypt:2)
  4 lurking horrors
  21 starspawn tentacles
1863 creatures vanquished.

Vanquished Creatures (others)
  A demonspawn warmonger (Pan)
  2 rockslimes (Slime:5)
  A demonspawn blood saint (Pan)
  A stone giant (Vaults:5)
  A juggernaut simulacrum (Coc:2)
  2 caustic shrike simulacra
  A spriggan simulacrum (Coc:2)
  A deep elf pyromancer (Elf:1)
  A titan simulacrum (Coc:1)
  A golden dragon simulacrum (Coc:1)
  A saltling (Desolation)
  A flying skull (Abyss:4)
  A dire elephant simulacrum (Coc:2)
  A water elemental (Elf:3)
  2 alligator snapping turtle simulacra (Coc:1)
  A chaos spawn (Pan)
  A neqoxec (Pan)
  A large abomination (Abyss:4)
  A harpy simulacrum (Coc:2)
  An ettin simulacrum (Coc:2)
  2 small abominations
  An orc priest (Depths:2)
  90 battlemagi
  An ancestor (D:5)
  An ufetubus (D:9)
  3 orcs (Depths:2)
  14 foxfires
  5 lurking horrors
  44 starspawn tentacles
  8 tentacles (Hell)
192 creatures vanquished.

Grand Total: 3827 creatures vanquished

Notes
Turn   | Place    | Note
-------+----------+-------------------------------------------
     0 | D:1      | Kosidy the Naga Gladiator began the quest for the Orb.
     0 | D:1      | Reached XP level 1. HP: 19/19 MP: 1/1
   178 | D:1      | Reached XP level 2. HP: 26/26 MP: 2/2
   496 | D:1      | Found a faded altar of an unknown god.
   825 | D:2      | Reached XP level 3. HP: 32/32 MP: 3/3
   901 | D:2      | Found a bloodstained altar of Trog.
  1425 | D:2      | Identified the +2 robe "Miurupp" {rCorr Str+3 Int+2}
  1508 | D:2      | Reached skill level 4 in Axes
  1747 | D:3      | Reached XP level 4. HP: 31/39 MP: 4/4
  1852 | D:3      | Found the +1 robe of Vines {NoPotionHeal Regen++++}
  1860 | D:3      | Found a hazy altar of Hepliaklqana.
  1983 | D:3      | Became a worshipper of Hepliaklqana the Forgotten
  2003 | D:3      | You fall into a shaft and drop 1 floor!
  2016 | D:4      | Found a blossoming altar of Fedhas.
  2017 | D:4      | Found an ancient bone altar of Kikubaaqudgha.
  2200 | D:4      | Reached skill level 1 in Armour
  2266 | D:4      | Noticed a phantom
  2277 | D:4      | Killed a phantom
  2278 | D:4      | Reached XP level 5. HP: 46/46 MP: 5/5
  2416 | D:4      | Noticed an ice beast
  2427 | D:4      | Killed an ice beast
  2428 | D:4      | Reached skill level 5 in Axes
  2428 | D:4      | Reached skill level 1 in Stealth
  2428 | D:4      | Reached XP level 6. HP: 35/55 MP: 6/6
  2509 | D:4      | Found a staircase to the Ecumenical Temple.
  2817 | D:3      | Reached * piety under Hepliaklqana
  3111 | D:3      | Identified the +2 helmet of Dithmenos's Pride {rC+ Dex+3}
  3111 | D:3      | Noticed Robin
  3136 | D:3      | Killed Robin
  3330 | D:5      | Entered Level 5 of the Dungeon
  3350 | D:5      | Reached XP level 7. HP: 55/55 MP: 7/7
  3756 | D:5      | Reached skill level 6 in Axes
  3969 | D:5      | Reached XP level 8. HP: 54/64 MP: 8/8
  4074 | D:5      | Reached ** piety under Hepliaklqana
  4075 | D:5      | Remembered your ancestor Gaius as a battlemage
  4094 | D:5      | Found Javoar Naesch's Antique Weapon Shop.
  4298 | D:5      | Identified a scroll of acquirement
  4300 | D:5      | Acquired a +1 barding of flying
  4409 | D:6      | Reached skill level 7 in Axes
  4627 | D:6      | Reached skill level 5 in Dodging
  4627 | D:6      | Reached skill level 5 in Stealth
  4627 | D:6      | Reached XP level 9. HP: 68/72 MP: 9/9
  4832 | D:6      | Reached skill level 8 in Axes
  4970 | D:6      | Reached skill level 5 in Fighting
  5063 | D:6      | Reached *** piety under Hepliaklqana
  5368 | D:7      | Found Qyniy's Distillery.
  5374 | D:7      | Bought a potion of curing for 30 gold pieces
  5458 | D:7      | Found Hijaih's Hydra Hut.
  5476 | D:7      | Noticed a four-headed hydra
  5491 | D:7      | Bought a +0 broad axe of flaming for 128 gold pieces
  5647 | D:7      | Reached skill level 9 in Axes
  6115 | D:8      | Noticed Gastronok
  6132 | D:8      | Killed Gastronok
  6133 | D:8      | Reached skill level 10 in Axes
  6133 | D:8      | Reached XP level 10. HP: 51/81 MP: 10/10
  6151 | D:8      | Found a hide-covered altar of Uskayaw.
  6153 | D:8      | Found a glowing golden altar of the Shining One.
  6155 | D:8      | Found a burning altar of Makhleb.
  6155 | D:8      | Found a shimmering blue altar of Sif Muna.
  6177 | D:8      | Found a staircase to the Lair.
  6192 | D:8      | Noticed Grum
  6222 | D:8      | Killed Grum
  6333 | D:8      | Reached **** piety under Hepliaklqana
  6377 | D:8      | Reached skill level 11 in Axes
  6578 | D:9      | Found a broken altar of Ashenzari.
  6858 | D:9      | Learned a level 3 spell: Vampiric Draining
  6899 | D:9      | Reached XP level 11. HP: 81/89 MP: 11/11
  6948 | D:9      | Reached skill level 12 in Axes
  7221 | D:10     | Entered Level 10 of the Dungeon
  7331 | D:10     | Found a glowing silver altar of Zin.
  7445 | D:10     | Reached ***** piety under Hepliaklqana
  7765 | D:11     | Noticed a manticore
  7765 | D:11     | Noticed a two-headed ogre
  7850 | D:11     | Killed a two-headed ogre
  7851 | D:11     | Reached skill level 1 in Invocations
  8003 | D:11     | Reached skill level 1 in Spellcasting
  8016 | D:11     | Killed a manticore
  8017 | D:11     | Reached skill level 1 in Necromancy
  8050 | D:11     | Noticed a manticore
  8056 | D:11     | Killed a manticore
  8430 | Lair:1   | Entered Level 1 of the Lair of Beasts
  8517 | Lair:1   | Reached skill level 1 in Evocations
  8795 | Lair:1   | Reached XP level 12. HP: 98/98 MP: 13/16
  9221 | Lair:1   | Reached skill level 13 in Axes
  9553 | Lair:1   | Found a runed translucent door.
  9554 | Lair:1   | Noticed tchen's ghost (journeyman VSFi)
  9709 | Lair:2   | Noticed a six-headed hydra
  9725 | Lair:2   | Killed a two-headed hydra
  9986 | Lair:2   | Found a staircase to the Snake Pit.
 10016 | Lair:2   | Identified the +7 dagger of Resumed Hostilities {venom,
                  | rF++}
 10268 | Lair:3   | Reached skill level 10 in Stealth
 10315 | Lair:3   | Found a staircase to the Shoals.
 10527 | Lair:3   | Noticed Josephine
 10617 | Lair:3   | Killed Josephine
 11095 | Lair:4   | Gained mutation: You can use your snake-like lower body to
                  | constrict enemies. [Naga growth]
 11095 | Lair:4   | Reached XP level 13. HP: 108/108 MP: 19/19
 11146 | Lair:4   | Reached skill level 5 in Necromancy
 11858 | Lair:5   | Entered Level 5 of the Lair of Beasts
 11956 | Lair:5   | Reached skill level 5 in Spellcasting
 11964 | Lair:5   | Reached skill level 5 in Invocations
 11978 | Lair:5   | Reached skill level 14 in Axes
 12072 | Lair:5   | Reached skill level 5 in Throwing
 12700 | Lair:5   | Found a corrupted altar of Lugonu.
 12700 | Lair:5   | Found a one-way gate to the infinite horrors of the Abyss.
 12707 | Lair:5   | Reached XP level 14. HP: 110/116 MP: 23/23
 12932 | Lair:5   | Found a staircase to the Slime Pits.
 13668 | D:12     | Reached ****** piety under Hepliaklqana
 13883 | D:12     | Found a staircase to the Orcish Mines.
 14140 | D:12     | Found an ornate altar of the Wu Jian Council.
 14288 | Orc:1    | Entered Level 1 of the Orcish Mines
 14358 | Orc:1    | Found a shimmering blue altar of Sif Muna.
 14371 | Orc:1    | Got Sif Muna's Dissertation on Frost
 14455 | Orc:1    | Reached skill level 10 in Fighting
 14483 | Orc:1    | Reached skill level 15 in Axes
 14828 | Orc:1    | Noticed an orc warlord
 14835 | Orc:1    | Killed an orc warlord
 15133 | Orc:2    | Entered Level 2 of the Orcish Mines
 15302 | Orc:2    | Found a staircase to the Elven Halls.
 15614 | Orc:2    | Reached skill level 1 in Shields
 15655 | Orc:2    | Reached XP level 15. HP: 105/126 MP: 26/26
 15766 | Orc:2    | Found Astay's Distillery.
 15766 | Orc:2    | Found Xiynuosm's Antique Armour Emporium.
 15766 | Orc:2    | Found Juygar's Assorted Antiques.
 15766 | Orc:2    | Found Xeonnint's Antique Armour Shop.
 16333 | D:13     | Noticed Rupert
 16415 | D:13     | Killed Rupert
 16544 | D:13     | Noticed Urug
 16549 | D:13     | Killed Urug
 16639 | D:13     | Found a runed translucent gate.
 16639 | D:13     | Found a runed translucent gate.
 16639 | D:13     | Found a runed translucent gate.
 16640 | D:13     | Noticed Dega's ghost (journeyman SpHu)
 16640 | D:13     | Noticed Lodul
 16645 | D:13     | Killed Lodul
 16765 | D:13     | Found a gate to the Vaults.
 16788 | D:13     | Reached skill level 16 in Axes
 17468 | D:14     | Learned a level 4 spell: Dispel Undead
 17785 | D:15     | Entered Level 15 of the Dungeon
 18314 | D:15     | Reached XP level 16. HP: 97/135 MP: 28/28
 18565 | D:15     | Found a staircase to the Depths.
 19116 | Shoals:1 | Entered Level 1 of the Shoals
 19852 | Shoals:1 | Reached skill level 10 in Invocations
 19934 | Shoals:1 | Identified the +0 short sword "Gaogem" {elec, rF++ Int-3}
 20401 | Shoals:2 | Reached skill level 17 in Axes
 21130 | Shoals:3 | Noticed Mlioglotl
 21131 | Shoals:3 | Noticed a tentacled starspawn
 21280 | Shoals:3 | Killed Mlioglotl
 21474 | Shoals:3 | Noticed Polyphemus
 21660 | Shoals:2 | Killed Polyphemus
 21701 | Shoals:3 | Reached skill level 10 in Spellcasting
 21701 | Shoals:3 | Reached XP level 17. HP: 138/143 MP: 29/31
 22362 | Shoals:4 | Entered Level 4 of the Shoals
 22987 | Shoals:4 | Reached skill level 10 in Dodging
 22987 | Shoals:4 | Noticed a sphinx
 23020 | Shoals:4 | Killed a sphinx
 23210 | Shoals:4 | Got a barnacled rune of Zot
 23267 | Shoals:4 | Identified the +8 quarterstaff "Unuzxea" {protect, Str+2}
 23291 | Shoals:4 | Noticed a sphinx
 23310 | Shoals:4 | Killed a sphinx
 23329 | Shoals:4 | Noticed a sphinx
 23335 | Shoals:4 | Paralysed by a sphinx for 2 turns
 23344 | Shoals:4 | Killed a sphinx
 23881 | Snake:1  | Entered Level 1 of the Snake Pit
 23897 | Snake:1  | Noticed Asterion
 23902 | Snake:1  | Killed Asterion
 23958 | Snake:1  | Noticed Aizul
 23973 | Snake:1  | Killed Aizul
 24647 | Snake:1  | Reached XP level 18. HP: 125/153 MP: 28/32
 24701 | Snake:2  | Noticed Azrael
 24711 | Snake:2  | Reached skill level 18 in Axes
 24715 | Snake:2  | Killed Azrael
 25079 | Snake:2  | Identified the ring "Mediq" {Fly rF- rCorr Str+5 Dex+6}
 25104 | Snake:2  | Found a frozen archway.
 25131 | IceCv    | Entered an ice cave
 25154 | IceCv    | Reached skill level 5 in Shields
 25481 | IceCv    | Identified the +6 hand axe "Lyc Isoo" {speed, rElec Int+3}
 25673 | Snake:2  | Identified the +7 shortbow "Kinommiq" {antimagic, Int-4
                  | Dex+4}
 26751 | Snake:4  | Entered Level 4 of the Snake Pit
 26752 | Snake:4  | Found a transporter.
 26943 | Snake:4  | Noticed yakattack's ghost (adept AtBe)
 27083 | Snake:4  | Found a bloodstained altar of Trog.
 27084 | Snake:4  | Found a transporter.
 27128 | Snake:4  | Noticed Nikola
 27138 | Snake:4  | Noticed Donald
 27139 | Snake:4  | Killed Nikola
 27157 | Snake:4  | Killed Donald
 27866 | Snake:4  | Reached XP level 19. HP: 162/162 MP: 34/34
 28307 | Snake:4  | Noticed Vashnia
 28961 | Snake:4  | Killed Vashnia
 29162 | Snake:4  | Got a serpentine rune of Zot
 29554 | Elf:1    | Entered Level 1 of the Elven Halls
 30535 | Elf:2    | Found Olyatyush's General Store.
 30897 | Elf:2    | Identified the +2 chain mail of Vagge {Int+5}
 30974 | Elf:2    | Found a huge runed translucent gate.
 30974 | Elf:2    | Found a huge runed translucent gate.
 30974 | Elf:2    | Found a huge runed translucent gate.
 30974 | Elf:2    | Found a huge runed translucent gate.
 30974 | Elf:2    | Found a huge runed translucent gate.
 31488 | Elf:2    | Reached XP level 20. HP: 171/171 MP: 33/36
 31490 | Elf:2    | Reached skill level 19 in Axes
 31787 | Elf:3    | Entered Level 3 of the Elven Halls
 32919 | Elf:3    | Reached skill level 10 in Shields
 33019 | Elf:3    | Noticed a Brimstone Fiend
 33086 | Abyss:2  | Found a corrupted altar of Lugonu.
 33086 | Abyss:2  | Cast into level 2 of the Abyss (a deep elf demonologist)
 33295 | Abyss:2  | Found a corrupted altar of Lugonu.
 33397 | Abyss:2  | Found a corrupted altar of Lugonu.
 33495 | Elf:3    | Escaped the Abyss
 33559 | Elf:3    | Noticed a Tzitzimitl
 33815 | Elf:3    | Identified the ring of Darkness {rElec Will- Str+6 Dex+6}
 34024 | Elf:3    | Identified the ring of Lugonu's Hope {rF+ rC+ Str+6 Dex+3}
 34178 | Elf:3    | Identified the +1 whip "Ykup" {elec, rPois}
 34182 | Elf:3    | Identified the +2 pair of gloves of Protective Custody
                  | {rN++ Will- Dex+3 Stlth-}
 34195 | Elf:3    | Got the Cyclopedia of Boreal Spelunking
 34208 | Elf:3    | Identified the +1 pair of gloves of Fashionability {+Blink}
 34215 | Elf:3    | Identified the +0 ring mail of Abstinence {rElec Dex+6}
 34224 | Elf:3    | Identified the +2 short sword of Enweg {elec, Int+3}
 34226 | Elf:3    | Identified the +7 sling "Heveh" {flame, Fragile rElec rF+}
 34227 | Elf:3    | Identified the amulet "Nulufiss" {-Cast +Inv rC+ Regen+
                  | Dex+2}
 34235 | Elf:3    | Got the Compilation of the Salvo and the Icicle
 34324 | Elf:3    | Identified the staff "Fonon" {rPois rN+ Poison}
 34776 | Vaults:1 | Entered Level 1 of the Vaults
 35188 | Vaults:1 | Found Muikk's Antique Weapon Boutique.
 35247 | Vaults:1 | Reached XP level 21. HP: 179/179 MP: 37/37
 36767 | Vaults:2 | Found a staircase to the Crypt.
 36767 | Vaults:2 | Found an ancient bone altar of Kikubaaqudgha.
 36767 | Vaults:2 | Found a basalt altar of Yredelemnul.
 36798 | Vaults:2 | Reached skill level 20 in Axes
 36883 | Vaults:2 | Identified the +0 ring mail of Classification {+Blink
                  | Str+2}
 37029 | Vaults:3 | Reached skill level 15 in Fighting
 37295 | Vaults:3 | Noticed Mara
 37298 | Vaults:3 | Noticed Kosidy's illusion
 37307 | Vaults:3 | Killed Mara
 37586 | Vaults:3 | Noticed Zenata
 37605 | Vaults:3 | Killed Zenata
 37831 | Vaults:3 | Reached XP level 22. HP: 189/189 MP: 38/38
 38453 | Vaults:4 | Found a crumbling gateway.
 38567 | Desolati | Entered the Desolation of Salt
 38625 | Desolati | Reached XP level 23. HP: 185/186 MP: 39/39
 38719 | Desolati | Got the Thoughts on Poisonous Cadavers
 38727 | Desolati | Identified the ring of Xuinig {rPois rC+ rN+ Dex+3 Slay-4}
 38857 | Desolati | Identified the +5 mace "Trog's Hatred" {drain, Fly rElec
                  | Str+5 Dex-4}
 38858 | Desolati | Identified the ring of the Writhing Gods {rC+ rN+}
 38866 | Desolati | Identified the +0 robe of the New World {SInv}
 39138 | Desolati | Identified the +0 plate armour of Ocwen {rN+ SInv}
 39164 | Desolati | Got Sif Muna's Parchment of the Plateau and Shifting
 39172 | Desolati | Got Erhunin's Handbook of the Calid Familiar
 39181 | Desolati | Found the +8 autumn katana {manifold assault}
 39184 | Desolati | Identified the +0 ring mail of Fun and Games {Rampage rC+
                  | Int+3}
 39474 | Vaults:4 | Reached skill level 21 in Axes
 39833 | Vaults:4 | Found Nevy's Weapon Shop.
 39871 | Vaults:4 | Bought 5 silver javelins for 990 gold pieces
 39971 | Vaults:4 | Found a huge runed gate.
 39971 | Vaults:4 | Found a huge runed gate.
 39971 | Vaults:4 | Found a huge runed gate.
 39971 | Vaults:4 | Found a huge runed gate.
 39971 | Vaults:4 | Found a huge runed gate.
 39971 | Vaults:4 | Found a huge runed gate.
 39972 | Vaults:4 | Found a huge runed gate.
 39972 | Vaults:4 | Found a huge runed gate.
 39972 | Vaults:4 | Found a huge runed gate.
 39972 | Vaults:4 | Found a huge runed gate.
 39972 | Vaults:4 | Found a huge runed gate.
 39973 | Vaults:4 | Found a huge runed gate.
 39974 | Vaults:4 | Found a huge runed gate.
 39975 | Vaults:4 | Found a huge runed gate.
 39983 | Vaults:4 | Found a huge runed gate.
 39983 | Vaults:4 | Found a huge runed gate.
 39983 | Vaults:4 | Found a huge runed gate.
 39983 | Vaults:4 | Found a huge runed gate.
 39983 | Vaults:4 | Found a huge runed gate.
 39983 | Vaults:4 | Found a huge runed gate.
 39984 | Vaults:4 | Found a huge runed gate.
 39985 | Vaults:4 | Found a huge runed gate.
 39986 | Vaults:4 | Found a huge runed gate.
 39994 | Vaults:4 | Found a huge runed gate.
 39994 | Vaults:4 | Found a huge runed gate.
 39994 | Vaults:4 | Found a huge runed gate.
 39994 | Vaults:4 | Found a huge runed gate.
 39994 | Vaults:4 | Found a huge runed gate.
 39994 | Vaults:4 | Found a huge runed gate.
 39995 | Vaults:4 | Found a huge runed gate.
 39996 | Vaults:4 | Found a huge runed gate.
 39997 | Vaults:4 | Found a huge runed gate.
 40036 | Vaults:4 | Found a huge runed gate.
 40036 | Vaults:4 | Found a huge runed gate.
 40036 | Vaults:4 | Found a huge runed gate.
 40036 | Vaults:4 | Found a huge runed gate.
 40129 | Vaults:4 | Identified the +6 chain mail of Death Resistance {Dex+6}
 41280 | Vaults:5 | Entered Level 5 of the Vaults
 41798 | Vaults:4 | Reached skill level 15 in Shields
 41840 | Vaults:4 | Reached XP level 24. HP: 205/206 MP: 39/39
 41972 | Vaults:5 | Noticed an ancient lich
 42631 | Vaults:4 | Killed an ancient lich
 43573 | Vaults:4 | Reached skill level 22 in Axes
 43808 | Vaults:5 | Identified the +6 falchion "Xehu" {flame, rElec Dex+4}
 43930 | Vaults:5 | Identified the staff of the Sun {rElec Conj Air}
 43953 | Vaults:5 | Got a silver rune of Zot
 43970 | Vaults:5 | Noticed a dread lich
 43976 | Vaults:5 | Killed a dread lich
 44229 | Vaults:5 | Found Buvvont's Jewellery Emporium.
 44237 | Vaults:5 | Identified the staff "Tiag" {+Blink rF++ rN+ rCorr Str-5
                  | Necro}
 44313 | Vaults:5 | Identified the +0 dagger of Hepliaklqana's Favour
                  | {antimagic, rF+ Dex+4}
 44315 | Vaults:5 | Identified the +4 dagger of Autumn {vamp, rF+ rCorr}
 44431 | Vaults:5 | Identified the amulet "Iwoucw" {Acrobat Fragile rC+++}
 44684 | Vaults:5 | Upgraded the game from 0.31-a0-455-g1a7b003 to
                  | 0.31-a0-459-gc8a9bf3
 44903 | Depths:1 | Entered Level 1 of the Depths
 45258 | Depths:1 | Found a gateway to Hell.
 45278 | Depths:1 | Found a one-way gateway to a ziggurat.
 45284 | Depths:1 | Paralysed by a floating eye for 2 turns
 45289 | Depths:1 | Paralysed by a floating eye for 2 turns
 45369 | Depths:1 | Found a radiant altar of Vehumet.
 45404 | Depths:1 | Reached XP level 25. HP: 216/216 MP: 39/39
 45815 | Depths:2 | Found a transporter.
 46363 | Depths:2 | You are sucked into a shaft and drop 1 floor!
 46392 | Depths:3 | Reached skill level 15 in Dodging
 46731 | Depths:2 | Noticed Saint Roka
 46752 | Depths:2 | Killed Saint Roka
 46980 | Depths:2 | Found a one-way gate leading to the halls of Pandemonium.
 47208 | Depths:2 | Identified the ring "Deufeang" {rN++ EV+5 Str+4}
 47225 | Depths:2 | Found a transporter.
 47324 | Depths:2 | Found Ixilorgh's Antique Armour Boutique.
 47558 | Depths:2 | Identified the ring "Toahi" {rPois Dex+3 SInv}
 47624 | Depths:2 | Found Eduewnif's Weapon Shoppe.
 47624 | Depths:2 | Noticed a juggernaut
 47638 | Depths:2 | Killed a juggernaut
 47758 | Depths:2 | Noticed Margery
 47762 | Depths:2 | Reached skill level 23 in Axes
 47768 | Depths:2 | Killed Margery
 47791 | Depths:2 | Identified the ring of Nyciyren {rN+ Str+6 Int+4 Stlth+}
 48013 | Depths:1 | Paralysed by a floating eye for 2 turns
 48017 | Depths:1 | Paralysed by a floating eye for 3 turns
 48444 | Depths:3 | Identified the +0 chain mail of the Apothecary {rElec rC-
                  | Str-4 Stlth+}
 48881 | Depths:3 | Found Nueroury's Book Emporium.
 48883 | Depths:3 | Found Omnecedgh's Jewellery Boutique.
 48885 | Depths:3 | Found Renyemea's Book Emporium.
 48998 | Depths:4 | Entered Level 4 of the Depths
 49041 | Depths:4 | Identified the +0 scale mail "Wusm" {rPois}
 49286 | Depths:4 | Found a gate to the Realm of Zot.
 49489 | Depths:4 | Reached XP level 26. HP: 227/227 MP: 18/39
 50347 | Depths:4 | Found a corrupted altar of Lugonu.
 50810 | Crypt:1  | Entered Level 1 of the Crypt
 52198 | Crypt:2  | Found a basalt altar of Yredelemnul.
 53003 | Crypt:3  | Entered Level 3 of the Crypt
 53420 | Crypt:3  | Found a staircase to the Tomb.
 53476 | Crypt:3  | Identified the +7 chain mail of Omission {+Inv rF+ Will+}
 53767 | Crypt:3  | Found an ancient bone altar of Kikubaaqudgha.
 53919 | Crypt:3  | Reached skill level 24 in Axes
 54035 | Crypt:3  | Found the +13 scythe of Curses {drain, curses, Drain}
 54064 | Crypt:3  | Identified the ring "Wibun" {rElec rN+ Will+ Slay+3}
 54064 | Crypt:3  | Identified the ring "Puuschec" {rN+ rCorr Str+3}
 54965 | Depths:3 | Bought the amulet of the Air {Inacc Air Fly rElec RMsl} for
                  | 639 gold pieces
 54965 | Depths:3 | Found the amulet of the Air {Inacc Air Fly rElec RMsl}
 55144 | Hell     | Entered the Vestibule of Hell
 55144 | Hell     | Noticed Geryon
 55163 | Hell     | Reached XP level 27. HP: 166/235 MP: 10/40
 55394 | Hell     | Killed Geryon
 55424 | Hell     | Found a gateway to the decaying netherworld of Tartarus.
 55528 | Hell     | Found a gateway to the freezing wastes of Cocytus.
 55685 | Hell     | Found a gateway to the ashen valley of Gehenna.
 56072 | Hell     | Found a gateway to the Iron City of Dis.
 56199 | Coc:1    | Entered Level 1 of Cocytus
 56364 | Coc:1    | Paralysed by a wendigo for 1 turns
 57484 | Tomb:1   | Entered Level 1 of the Tomb of the Ancients
 57923 | Tomb:1   | Noticed a royal mummy
 57941 | Tomb:1   | Killed a royal mummy
 58015 | Tomb:1   | Identified the amulet of Hujed {Spirit rN+ Regen+ Str-4
                  | SInv}
 58018 | Tomb:1   | Gained mutation: Your spells are a little easier to cast,
                  | but a little less powerful. [a neqoxec]
 58019 | Tomb:1   | Gained mutation: You are agile. (Dex +4, Str/Int -1) [a
                  | neqoxec]
 58113 | Tomb:1   | Identified the +6 ice dragon scales "Fevvite" {rElec rF-
                  | rC++ Will+ Str+4}
 58177 | Tomb:1   | Noticed a royal mummy
 58179 | Tomb:1   | Noticed a royal mummy
 58183 | Tomb:1   | Killed a royal mummy
 58191 | Tomb:1   | Killed a royal mummy
 58783 | Depths:1 | Paralysed by a floating eye for 3 turns
 58790 | Depths:1 | Paralysed by a floating eye for 3 turns
 58814 | Depths:1 | Voluntarily entered the Abyss.
 58877 | Abyss:2  | Paralysed by a floating eye for 2 turns
 59269 | Abyss:2  | Found a corrupted altar of Lugonu.
 59280 | Depths:1 | Escaped the Abyss
 59427 | Depths:1 | Voluntarily entered the Abyss.
 59534 | Abyss:2  | Found a bloodstained altar of Trog.
 59947 | Depths:1 | Escaped the Abyss
 59964 | Depths:1 | Voluntarily entered the Abyss.
 60086 | Abyss:2  | Found a corrupted altar of Lugonu.
 60191 | Abyss:2  | Found a corrupted altar of Lugonu.
 60211 | Abyss:2  | Reached skill level 25 in Axes
 60251 | Abyss:2  | Found a corrupted altar of Lugonu.
 60261 | Abyss:2  | Found a corrupted altar of Lugonu.
 60691 | Abyss:2  | Found a corrupted altar of Lugonu.
 60693 | Abyss:2  | Found a corrupted altar of Lugonu.
 60693 | Abyss:2  | Found a corrupted altar of Lugonu.
 60704 | Abyss:2  | Found a corrupted altar of Lugonu.
 60705 | Abyss:2  | Paralysed by accursed screaming for 1 turns
 60717 | Abyss:2  | Found a corrupted altar of Lugonu.
 60733 | Abyss:2  | Found a corrupted altar of Lugonu.
 60793 | Abyss:2  | Found a corrupted altar of Lugonu.
 60793 | Abyss:2  | Found a corrupted altar of Lugonu.
 61113 | Depths:1 | Escaped the Abyss
 61115 | Depths:1 | Voluntarily entered the Abyss.
 61180 | Abyss:3  | Found a corrupted altar of Lugonu.
 61189 | Abyss:3  | Found a corrupted altar of Lugonu.
 61189 | Abyss:3  | Found a corrupted altar of Lugonu.
 61432 | Abyss:4  | Found a corrupted altar of Lugonu.
 61441 | Abyss:4  | Found a corrupted altar of Lugonu.
 61497 | Abyss:4  | Found a corrupted altar of Lugonu.
 61547 | Abyss:4  | Paralysed by accursed screaming for 1 turns
 61551 | Abyss:4  | Reached skill level 15 in Spellcasting
 61638 | Abyss:4  | Found a corrupted altar of Lugonu.
 61641 | Depths:1 | Escaped the Abyss
 62012 | Depths:1 | Voluntarily entered the Abyss.
 62035 | Abyss:4  | Found a corrupted altar of Lugonu.
 62084 | Abyss:4  | Found a corrupted altar of Lugonu.
 62350 | Abyss:4  | Found a corrupted altar of Lugonu.
 62502 | Abyss:4  | Reached skill level 26 in Axes
 62526 | Depths:1 | Escaped the Abyss
 63470 | Depths:1 | Voluntarily entered the Abyss.
 63540 | Abyss:4  | Noticed a dread lich
 63551 | Abyss:4  | Killed a dread lich
 63639 | Abyss:4  | Paralysed by accursed screaming for 1 turns
 63678 | Depths:1 | Escaped the Abyss
 63913 | Depths:1 | Voluntarily entered the Abyss.
 63921 | Abyss:4  | Found a corrupted altar of Lugonu.
 63999 | Abyss:4  | Gained mutation: Your magical capacity is low. (-10% MP) [a
                  | neqoxec]
 64025 | Abyss:4  | Reached skill level 5 in Armour
 64026 | Abyss:4  | Found a corrupted altar of Lugonu.
 64360 | Depths:1 | Escaped the Abyss
 64470 | Depths:1 | Voluntarily entered the Abyss.
 64522 | Abyss:4  | Found a corrupted altar of Lugonu.
 64579 | Abyss:4  | Found a corrupted altar of Lugonu.
 64628 | Abyss:4  | Gained mutation: You have hidden genetic defects. [a
                  | neqoxec]
 64756 | Abyss:4  | Paralysed by an air elemental for 1 turns
 64812 | Abyss:4  | Gained mutation: You are dopey. (Int -2) [a neqoxec]
 64812 | Abyss:4  | Paralysed by accursed screaming for 1 turns
 64822 | Abyss:4  | Paralysed by accursed screaming for 2 turns
 64853 | Abyss:4  | Found a corrupted altar of Lugonu.
 65032 | Depths:1 | Escaped the Abyss
 65121 | Depths:1 | Voluntarily entered the Abyss.
 65154 | Abyss:4  | Found a corrupted altar of Lugonu.
 65154 | Abyss:4  | Gained mutation: You do not regenerate when monsters are
                  | visible. [hidden defects]
 65300 | Abyss:4  | Got an abyssal rune of Zot
 65311 | Depths:1 | Escaped the Abyss
 65436 | Depths:1 | Lost mutation: Your magical capacity is low. (-10% MP)
                  | [potion of mutation]
 65436 | Depths:1 | Lost mutation: You do not regenerate when monsters are
                  | visible. [potion of mutation]
 65436 | Depths:1 | Lost mutation: You have hidden genetic defects. [potion of
                  | mutation]
 65436 | Depths:1 | Gained mutation: Your movements are slightly less
                  | encumbered by armour. (ER -2) [potion of mutation]
 65587 | Pan      | Entered Pandemonium
 65714 | Pan      | Found an opulent altar of Gozag.
 65715 | Pan      | Found Ceceitz's Superb Hardware.
 65716 | Pan      | Noticed Ceceitz the pandemonium lord
 65733 | Pan      | Gained mutation: Your body sometimes deteriorates upon
                  | taking damage. [a cacodemon]
 65766 | Pan      | Gained mutation: Your spells are easier to cast, but less
                  | powerful. [a cacodemon]
 66239 | Pan      | Noticed a dread lich
 66244 | Pan      | Found Ceceitz's Fine Accessories.
 66275 | Pan      | Killed a dread lich
 66344 | Pan      | Found Ceceitz's Infernal Boutique.
 66345 | Pan      | Found an opulent altar of Gozag.
 66382 | Pan      | Killed Ceceitz the pandemonium lord
 66387 | Pan      | Found Ceceitz's Demonic Rune Hole.
 66406 | Pan      | Found an opulent altar of Gozag.
 67034 | Pan      | Bought a demonic rune of Zot for 5880 gold pieces
 67039 | Depths:2 | Escaped Pandemonium
 67147 | Pan      | Entered Pandemonium
 67298 | Pan      | Reached skill level 27 in Axes
 67322 | Pan      | Learned a level 3 spell: Ozocubu's Armour
 67583 | Pan      | Identified the +6 broad axe of the Shining Light {protect,
                  | rC+ Dex+3}
 67586 | Pan      | Noticed Reateodgh the pandemonium lord
 67587 | Pan      | Identified the +2 scale mail of Youthful Indiscretion
                  | {rPois rF+ Regen+}
 68206 | Pan      | Killed Reateodgh the pandemonium lord
 68372 | Pan      | Found an exit through the horrors of the Abyss.
 68866 | Pan      | Noticed Ehipig the pandemonium lord
 68879 | Pan      | Killed Ehipig the pandemonium lord
 69148 | Pan      | Identified the +1 robe "Teacwed" {rElec rPois rF- SInv}
 69351 | Pan      | Took an exit into the Abyss.
 69351 | Abyss:4  | Escaped into the Abyss
 69463 | Abyss:4  | Gained mutation: Your muscles are strong. (Str +4, Int/Dex
                  | -1) [a neqoxec]
 69551 | Abyss:4  | Found a corrupted altar of Lugonu.
 69672 | Depths:2 | Escaped the Abyss
 69687 | Pan      | Entered Pandemonium
 69998 | Pan      | Found an exit through the horrors of the Abyss.
 70293 | Pan      | Lost mutation: Your muscles are strong. (Str +4, Int/Dex
                  | -1) [a neqoxec]
 70455 | Pan      | Noticed Guawav the pandemonium lord
 70475 | Pan      | Killed Guawav the pandemonium lord
 70565 | Pan      | Reached skill level 1 in Ice Magic
 70835 | Pan      | Identified the -2 helmet of Omission {Slay+3}
 70968 | Pan      | Noticed Weicoosm the pandemonium lord
 70980 | Pan      | Gained mutation: You are occasionally teleported next to
                  | monsters. [a cacodemon]
 70985 | Pan      | Killed Weicoosm the pandemonium lord
 71301 | Pan      | Entered the realm of Mnoleg.
 71320 | Pan      | Gained mutation: You have a pair of small horns on your
                  | head. [a neqoxec]
 71325 | Pan      | Noticed Mnoleg
 71338 | Pan      | Killed Mnoleg
 71342 | Pan      | Lost intelligence.
 71352 | Pan      | Got a glowing rune of Zot
 71455 | Pan      | Gained mutation: You are vulnerable to heat. (rF-) [a
                  | cacodemon]
 71475 | Pan      | Gained mutation: You are weak. (Str -2) [a neqoxec]
 71513 | Pan      | Gained mutation: You are vulnerable to cold. (rC-) [a
                  | cacodemon]
 72128 | Pan      | Gained mutation: You occasionally shout uncontrollably at
                  | your foes. [a cacodemon]
 72305 | Pan      | Gained mutation: Your magical capacity is low. (-10% MP) [a
                  | neqoxec]
 72307 | Pan      | Gained mutation: You occasionally lose the ability to read
                  | scrolls when taking damage. [a neqoxec]
 72311 | Pan      | Noticed Nexiviu the pandemonium lord
 72329 | Pan      | Killed Nexiviu the pandemonium lord
 72590 | Pan      | Found an exit through the horrors of the Abyss.
 72679 | Pan      | Identified the +4 glaive of Wecuwina {freeze, Will+ Dex+3}
 72760 | Pan      | Gained mutation: You sometimes lose your temper in combat.
                  | [a neqoxec]
 72836 | Pan      | Gained mutation: Your body often deteriorates upon taking
                  | damage. [a neqoxec]
 72969 | Pan      | Took an exit into the Abyss.
 72969 | Abyss:4  | Escaped into the Abyss
 72972 | Abyss:4  | Found a corrupted altar of Lugonu.
 72999 | Abyss:4  | Found a corrupted altar of Lugonu.
 73069 | Abyss:4  | Found a corrupted altar of Lugonu.
 73096 | Depths:2 | Escaped the Abyss
 73564 | Crypt:3  | Lost mutation: You are weak. (Str -2) [potion of mutation]
 73564 | Crypt:3  | Lost mutation: You are vulnerable to cold. (rC-) [potion of
                  | mutation]
 73564 | Crypt:3  | Lost mutation: Your body often deteriorates upon taking
                  | damage. [potion of mutation]
 73564 | Crypt:3  | Lost mutation: You are extremely vulnerable to heat.
                  | (rF---) [potion of mutation]
 73564 | Crypt:3  | Gained mutation: You are resistant to electric shocks.
                  | (rElec) [potion of mutation]
 73565 | Crypt:3  | Lost mutation: You are agile. (Dex +4, Str/Int -1) [potion
                  | of mutation]
 73565 | Crypt:3  | Lost mutation: Your magical capacity is low. (-10% MP)
                  | [potion of mutation]
 73565 | Crypt:3  | Gained mutation: Potions are less effective at restoring
                  | your health. [potion of mutation]
 73565 | Crypt:3  | Gained mutation: You have a pair of horns on your head.
                  | [potion of mutation]
 73566 | Crypt:3  | Lost mutation: Your body sometimes deteriorates upon taking
                  | damage. [potion of mutation]
 73566 | Crypt:3  | Lost mutation: You are resistant to electric shocks.
                  | (rElec) [potion of mutation]
 73566 | Crypt:3  | Lost mutation: You occasionally lose the ability to read
                  | scrolls when taking damage. [potion of mutation]
 73566 | Crypt:3  | Gained mutation: You are somewhat resistant to further
                  | mutation. [potion of mutation]
 74027 | Slime:1  | Entered Level 1 of the Pits of Slime
 74039 | Slime:1  | Gained mutation: Your spells are much easier to cast, but
                  | much less powerful. [a shining eye]
 74103 | Slime:5  | Entered Level 5 of the Pits of Slime
 74171 | Slime:5  | Noticed the Royal Jelly
 74187 | Slime:5  | HP: 6/249 [acid blob[the Royal Jelly] (13)]
 74187 | Slime:5  | HP: 2/249 [acid[the Royal Jelly] (4)]
 74187 | Slime:5  | Demolished by an acid blob

Illustrated notes

Levels and vault maps discovered:
D:1:      co_arrival_square_in_a_square_in_a_square, layout_loops_cross,
          shapermc_ecumenical_altar_mp_vishouse, minmay_misc_feat_five,
          amcnicky_mini_rare_corridor_liquid, minmay_tetromino_l4
D:2:      layout_basic, basic_altar, chequers_serial_rivers_large_a,
          minmay_misc_feat_x
D:3:      layout_basic, mainiacjoe_overflow_catwalk, uniq_robin
D:4:      layout_basic, grunt_temple_overflow_growth_and_decay,
          minmay_temple_entry_grid, st_stairs_7, minmay_between
D:5:      layout_basic, serial_shops, shop
D:6:      corexii_shantytown, layout_basic, st_stairs_7, palyth_stone_intersect,
          nicolae_figureground_sparkle
D:7:      layout_loops_ring, serial_shops, shop, doesnt_shop_hydraphobe
D:8:      layout_basic, grunt_temple_overflow_open, david_lair_generic,
          uniq_gastronok, uniq_grum
D:9:      layout_roguey, ashenzari_altar_1, serial_ice, serial_ice_g,
          serial_ice_a, serial_ice_f, serial_ice_d, serial_ice_j
D:10:     layout_small_grid, kennysheep_little_box
D:11:     layout_cave_pools
D:12:     layout_long_grid, orc_0_dummy, nicolae_wu_jian_glorious_leap
D:13:     layout_gridville, lightli_vaults_fourway_checkpoint,
          gammafunk_ghost_spectres, uniq_urug, uniq_lodul, uniq_rupert
D:14:     layout_basic
D:15:     grunt_enter_depths_snipers, layout_irregular_city,
          serial_co_window_serial, co_window_paths_a, co_window_paths_a,
          co_window_paths_a, co_window_paths_a, co_window_paths_a,
          co_window_of_opportunity_b, co_window_corner_b, co_window_corner_b,
          co_window_corner_b, co_window_unsneaky_path_d, co_window_4corner_b,
          co_window_paths_d, grunt_decor_mini_mirrors, nooodl_orcs_dogs
Lair:1:   layout_layer_cave, special_room [special_room_bee],
          ebering_ghost_reflecting_pool, fungi_pond_lemuel, grunt_megastairs_2,
          infiniplex_staircase_pool_2
Lair:2:   layout_loops_ring, guppyfry_snake_entry_garden
Lair:3:   layout_layer_cave, elwin_shoals_entry_rocks, grunt_megastairs_5,
          uniq_josephine
Lair:4:   layout_regular_city
Lair:5:   hellmonk_lair_end_abyssal_woods, layout_cellular_growth,
          minmay_slime_entry_pillars, chequers_serial_rivers_micro_a,
          infiniplex_staircase_pool
Shoals:1: layout_shoals, st_sunken_temple
Shoals:2: layout_shoals
Shoals:3: layout_shoals, uniq_polyphemus, uniq_mlioglotl
Shoals:4: shoals_end_hellmonk_lost_city
Snake:1:  layout_misc_corridors, grunt_ministairs_12, uniq_aizul, uniq_asterion
Snake:2:  layout_rooms, portal_ice_cave_entry_ice_simulacra,
          nicolae_snake_gridmaze_zigzag, uniq_azrael
Snake:3:  layout_cave_town, grunt_megastairs_4
Snake:4:  grunt_snake_rune_serpentine_throne, layout_layer_cave,
          gammafunk_ghost_wrathful_warriors, nicolae_twisty_statue_hallways,
          uniq_donald, uniq_nikola
Slime:1:  layout_caves
Slime:2:  layout_caves, cheibrodos_slime_lost_civilization_7
Slime:3:  layout_caves, cheibrodos_slime_lost_civilization_6
Slime:4:  layout_caves
Slime:5:  slime_pit_nicolae_inversion
Orc:1:    cheibrodos_orc_arena, layout_diamond_mine, led_sif_book
Orc:2:    st_orc_ogre_mass, layout_diamond_mine
Elf:1:    layout_loops_cross, serial_co_window_serial, co_window_paths_a,
          co_window_corner_a, co_window_paths_a, co_window_of_opportunity_a,
          co_window_corner_a, co_window_cross_1, co_window_cross_2,
          co_window_broadway_b, co_window_of_opportunity_b,
          co_window_broadway_a, co_window_unsneaky_path_d, co_window_corner_cb,
          co_window_broadway_b, glass_columns_a, lemuel_statue_altar, drop_trap
Elf:2:    elven_hall_of_blades_hangedman_alternative [nicolae_blade_bullseye],
          layout_loops_corners, serial_shops, shop_statue, minivault_16,
          lemuel_flamethrower_3
Elf:3:    elf_hall, layout_geoelf_castle
Vaults:1: nicolae_vaults_network_s, hangedman_vaults_river_flow,
          nicolae_vaults_oval_intersection, vaults_mumra_minichess,
          nicolae_vaults_heart-shaped_vault, hangedman_vaults_pinch,
          nicolae_vaults_specimen_jars, vaults_room_corners,
          nicolae_vaults_little_squares_5, layout_vaults_big_room, serial_shops,
          nicolae_shop_real_fake_doors
Vaults:2: nicolae_vaults_circle_grid_a, nicolae_vaults_little_squares_2,
          minmay_crypt_entry_necro_gods, nicolae_vaults_closet_pinwheel_4,
          nicolae_vaults_swerve, hangedman_vaults_restitches, st_cells,
          nicolae_vaults_tangram_2, nicolae_vaults_bisected_slash,
          nicolae_vaults_trapezoid_lopsided_1,
          nicolae_vaults_windows_and_doors_thing, nicolae_vaults_house_2,
          layout_vaults_omnicross
Vaults:3: nicolae_vaults_triangles, nicolae_vaults_heart-shaped_vault,
          ontoclasm_vaults_decontamination, vaults_dpeg_spiral,
          vaults_mumra_chevron, nicolae_vaults_sesquioval_fish,
          vaults_room_hallway, nicolae_vaults_mini_display_case,
          ontoclasm_vaults_twist, nicolae_vaults_gold_heap,
          layout_vaults_omnigrid, uniq_zenata, uniq_mara
Vaults:4: portal_desolation_entry_garden, hangedman_vaults_capsules, door_vault,
          v_misc_28, grunt_vaults_hallway_long, v_misc_30,
          nicolae_vaults_angled_halls, nicolae_vaults_trapezoid_2,
          vaults_dpeg_cross, v_misc_23, ontoclasm_vaults_misaligned,
          vaults_dpeg_diagonal, nicolae_vaults_diagonal_hallway_7,
          grunt_vaults_focal, v_rooms_2, v_pattern_3, layout_vaults_omnibox,
          serial_shops, nicolae_shop_window_shopping
Vaults:5: serial_shops
Crypt:1:  layout_misc_corridors, minivault_26, grunt_crypt_arrival_split
Crypt:2:  layout_gridlike, basic_altar, st_stairs_2, minivault_19
Crypt:3:  church_of_pain_bobbens, layout_chaotic_city,
          nicolae_tomb_entry_unfolded_pyramid_orthogonal, st_stairs_7
Tomb:1
Depths:1: layout_basic, enter_ziggurat_d, minmay_misc_feat_room, abyss_entry,
          hell_entry, nicolae_vehumet_radiance
Depths:2: hangedman_spin_cycle, abyss_entry, hell_entry, pan_entry
Depths:3: thingy_vault, layout_cross, abyss_entry_crystal,
          grunt_hell_entry_dis_grunt, minmay_staircase_bubble,
          serial_bayou_shore_b, minmay_shop_grove
Depths:4: grunt_crosshair, layout_long_grid, abyss_entry_flame_altar,
          grunt_hell_horde, serial_glass, glass_columns_b, glass_columns_a,
          glass_columns_c, glass_columns_a, glass_columns_a, glass_columns_b,
          glass_columns_a, glass_columns_b, feat_on_display, item_on_display_a,
          bh_walls_and_bars
Hell
Coc:1:    layout_ice_bergs, nicolae_hells_hurtin_island
Coc:2:    layout_cocytus_delve

Skill      XL: |  1  2  3  4  5  6  7  8  9 10 11 12 13 14 15 16 17 18 19 20 21 22 23 24 25 26 27 |
---------------+----------------------------------------------------------------------------------+-----
Axes           | 4 5 6 7 10 11 12 13 14 15 16 17 18 19 20 21 22 23 24 27 | 27.0
Armour         | 1 5 |  5.8
Dodging        | 3 4 5 6 7 8 9 10 11 12 13 14 15 18 | 18.4
Stealth        | 1 2 5 7 8 9 10 11 12 13 14 | 14.9
Fighting       | 3 4 6 7 8 9 10 11 12 13 14 15 16 17 18 22 | 22.2
Throwing       | 2 3 4 5 6 7 8 |  8.8
Invocations    | 2 4 6 7 9 10 11 12 13 14 | 14.9
Spellcasting   | 2 4 6 7 8 10 11 12 13 18 | 18.3
Necromancy     | 3 4 6 |  6.6
Evocations     | 1 2 3 |  3.1
Shields        | 1 3 4 6 9 11 13 15 16 17 18 24 | 24.1
Ice Magic      | 1 |  1.7

Action                     |  1- 3 |  4- 6 |  7- 9 | 10-12 | 13-15 | 16-18 | 19-21 | 22-24 | 25-27 || total
---------------------------+-------+-------+-------+-------+-------+-------+-------+-------+-------++-------
  Melee: War axe           |    92 |    87 |   160 |       |       |       |       |       |       ||   339
         Punch             |     1 |       |     2 |     5 |     4 |       |       |       |       ||    12
         Broad axe         |       |       |    37 |   335 |   629 |   554 |       |       |  1748 ||  3303
         Constrict         |       |       |       |       |   168 |   183 |   185 |   175 |   472 ||  1183
         Hand axe          |       |       |       |       |       |   230 |   880 |  1129 |   866 ||  3105
         Headbutt          |       |       |       |       |       |       |       |       |    76 ||    76
  Throw: Throwing net      |     1 |       |       |       |       |       |       |       |       ||     1
         Javelin           |       |    18 |    19 |    30 |    56 |    49 |    56 |    15 |    32 ||   275
   Cast: Vampiric Draining |       |       |       |       |     5 |       |       |       |       ||     5
         Ozocubu's Armour  |       |       |       |       |       |       |       |       |     7 ||     7
 Invoke: Ancestor Life: Ba |       |       |     1 |       |       |       |       |       |       ||     1
         Recall Ancestor   |       |       |       |     3 |     1 |     7 |     7 |    11 |    39 ||    68
         Idealise          |       |       |       |     2 |     1 |     8 |    15 |     6 |    14 ||    46
Ability: Spit Poison       |    10 |     6 |       |       |       |       |       |       |       ||    16
  Evoke: Wand              |       |       |     1 |     4 |     7 |    25 |     3 |       |       ||    40
         Phantom mirror    |       |       |       |       |       |     1 |     1 |       |       ||     2
    Use: Scroll            |       |       |     8 |     6 |     9 |    13 |     9 |     5 |    13 ||    63
         Potion            |       |       |       |       |     1 |       |     1 |       |     9 ||    11
   Stab: Held in net/web   |     1 |       |       |       |       |       |       |       |       ||     1
         Sleeping          |       |     3 |     7 |     4 |     5 |     9 |     6 |     6 |    12 ||    52
         Distracted        |       |       |     3 |    12 |    16 |    27 |    30 |    38 |   138 ||   264
         Paralysed         |       |       |       |       |     2 |       |       |       |       ||     2
 Armour: Leather armour    |     2 |       |       |       |       |       |       |       |       ||     2
         Chain mail        |    44 |       |       |       |       |       |       |       |   245 ||   289
         Robe              |     5 |    65 |    95 |   211 |   238 |   294 |   177 |   245 |   334 ||  1664
  Dodge: Dodged            |    42 |    97 |   138 |   220 |   336 |   382 |   198 |   335 |  1145 ||  2893
         Repelled          |       |       |       |       |       |       |       |       |    35 ||    35
  Block: Buckler           |       |       |       |       |    79 |   218 |       |       |       ||   297
         Reflection        |       |       |       |       |       |    66 |   118 |    89 |     8 ||   281
         Kite shield       |       |       |       |       |       |   210 |       |       |       ||   210
         Tower shield      |       |       |       |       |       |   149 |   829 |  1152 |  2888 ||  5018

Table legend: (Time is in decaauts)
 A = Elapsed time spent in this place.
 B = Non-inter-level travel time spent in this place.
 C = Inter-level travel time spent in this place.
 D = Time resting spent in this place.
 E = Time spent auto-exploring this place.
 F = Levels seen in this place.
 G = Mean time per level.
                   A        B        C        D        E       F      G
               +--------+--------+--------+--------+--------+-----+--------+
         Total |  92934 |  86710 |   6224 |  10315 |  42822 |  77 | 1206.9 |
       Dungeon |  17387 |  15485 |   1902 |    642 |  11234 |  15 | 1159.1 |
          Lair |   6821 |   6294 |    527 |    638 |   4152 |   5 | 1364.2 |
        Shoals |   5811 |   5606 |    205 |    883 |   2450 |   4 | 1452.8 |
     Snake Pit |   6274 |   6085 |    189 |    768 |   3099 |   4 | 1568.5 |
    Slime Pits |    187 |    187 |      0 |      0 |      0 |   5 |   37.4 |
  Orcish Mines |   2564 |   2309 |    255 |     58 |   1217 |   2 | 1282.0 |
   Elven Halls |   6102 |   5989 |    113 |    480 |   2799 |   3 | 2034.0 |
        Vaults |  11515 |  10248 |   1267 |   1799 |   5478 |   5 | 2303.0 |
         Crypt |   5258 |   4434 |    824 |    594 |   2492 |   3 | 1752.7 |
          Tomb |   1358 |   1242 |    116 |    120 |    341 |   1 | 1358.0 |
        Depths |   9972 |   9156 |    816 |   3147 |   3578 |   4 | 2493.0 |
          Hell |   1332 |   1328 |      4 |    351 |    561 |   1 | 1332.0 |
       Cocytus |    848 |    848 |      0 |      0 |     57 |   2 |  424.0 |
         Abyss |   6751 |   6751 |      0 |     91 |    791 |  14 |  482.2 |
   Pandemonium |   9296 |   9296 |      0 |    573 |   4293 |   7 | 1328.0 |
      Ice Cave |    432 |    432 |      0 |    167 |      0 |   1 |  432.0 |
    Desolation |   1019 |   1019 |      0 |      0 |    274 |   1 | 1019.0 |
               +--------+--------+--------+--------+--------+-----+--------+

Top non-repeatable levels by time:
Vaults:4: 4160 daAuts
Depths:1: 3653 daAuts
 Abyss:2: 3149 daAuts
   Elf:3: 3130 daAuts
 Abyss:4: 3123 daAuts
 Snake:4: 2560 daAuts
Depths:2: 2491 daAuts
Vaults:3: 2441 daAuts
Depths:3: 2316 daAuts
 Crypt:3: 2259 daAuts
    D:15: 1985 daAuts
Vaults:2: 1754 daAuts
Vaults:1: 1736 daAuts
 Crypt:1: 1693 daAuts
  Lair:5: 1663 daAuts
